 Dungeon Crawl Stone Soup version 0.22-a0-443-g17c3723 (webtiles) character file.

47 4thArraOfDagon the Martial Artist (level 3, -1/23 HPs)
             Began as a Kobold Monk on May 31, 2018.
             Slain by an orc
             ... wielding a +0 flail
              (8 damage)
             ... on level 3 of the Dungeon.
             The game lasted 00:02:22 (429 turns).

4thArraOfDagon the Martial Artist (Kobold Monk)      Turns: 429, Time: 00:02:22

Health: -1/23      AC:  2    Str:  8    XL:     3   Next: 97%
Magic:  3/3        EV: 20    Int: 17    God:
Gold:   31         SH:  0    Dex: 17    Spells: 2/2 levels left

rFire    . . .     SeeInvis .     - Unarmed
rCold    . . .     Gourm    .   (shield restricted)
rNeg     . . .     Faith    .   a - +0 robe
rPois    .         Spirit   .   (no helmet)
rElec    .         Reflect  .   (no cloak)
rCorr    .         Harm     +   (no gloves)
MR       .....                  (no boots)
Stlth    ++........             h - amulet of harm
HPRegen  0.07/turn              (no ring)
MPRegen  0.08/turn              (no ring)

@: brilliant, about to teleport
A: small, carnivore
a: no special abilities


You were on level 3 of the Dungeon.
You were full.

You visited 1 branch of the dungeon, and saw 3 of its levels.

You collected 31 gold pieces.

Inventory:

Armour
 a - a +0 robe (worn)
Jewellery
 h - an amulet of harm (around neck)
Scrolls
 f - a scroll of fear {unknown}
 g - a scroll of immolation {unknown}
 l - a scroll of identify {unknown}
Comestibles
 b - a ration


   Skills:
 - Level 3.2 Fighting
 + Level 7.4 Dodging
 - Level 2.6 Stealth
 * Level 8.3 Unarmed Combat


You had 2 spell levels left.
You didn't know any spells.
Your spell library was empty.

Dungeon Overview and Level Annotations

Branches:
Dungeon (3/15)

Altars:

Annotations:
D:3 1 runed door, Grinder


Innate Abilities, Weirdness & Mutations

You are small and have problems with some larger weapons.
You are carnivorous and can eat meat at any time.


Message History

The orc wizard is heavily wounded.
The orc wizard casts a spell at you. The magic dart hits you!
The orc misses you.
Unknown command.
Unknown command.
As you read the scroll labeled YXOSUA ITOASUI, it crumbles to dust.
You feel strangely unstable.
It was a scroll of teleportation.
The orc wizard hits you with a dagger.
You closely miss the orc wizard.
The orc wizard is heavily wounded.
The orc wizard completely misses you.
Unknown command.
You hit the orc wizard but do no damage.
The orc wizard is heavily wounded.
The orc wizard hits you with a dagger.
Unknown command.
You barely miss the orc wizard.
The orc wizard is heavily wounded.
The orc hits you with a flail!
You die...

#.......#
##########.......#
#................#
#.....#####..#####
#.....# #....#
#...(.# ♣....♣
#.....# ♣♣♣..♣
#oo...# ♣.♣♣
#@oo..# ♣♣.♣
###########'###
♣.♣♣ ....o.oo...o#
♣♣.♣ #############
♣.♣♣ #+#


You could see an orc priest, an orc wizard and 2 orcs.

Vanquished Creatures
  A dart slug (D:1)
  An orc (D:3)
  2 giant cockroaches (D:1)
  3 goblins (D:1)
  3 jackals (D:1)
  A kobold (D:1)
  3 bats
  A frilled lizard (D:1)
  A rat (D:2)
16 creatures vanquished.

Notes
Turn   | Place    | Note
-------+----------+-------------------------------------------
     0 | D:1      | 4thArraOfDagon the Kobold Monk began the quest for the Orb.
     0 | D:1      | Reached XP level 1. HP: 14/14 MP: 1/1
    73 | D:1      | Reached XP level 2. HP: 13/19 MP: 2/2
   327 | D:3      | Noticed Grinder
   344 | D:3      | Reached skill level 8 in Unarmed Combat
   344 | D:3      | Reached XP level 3. HP: 21/23 MP: 3/3
   381 | D:3      | Found a runed door.
   429 | D:3      | Slain by an orc

Vault maps used:
D:1:      giann_wishing_wells, minmay_misc_feat_room, minmay_misc_feat_rows
D:2:      nicolae_overflow_hidden_temple, old_standard_altar, marbit_many_paths,
          grunt_temple_overflow_open, uniq_sigmund
D:3:      nicolae_dithmenos_shadow_blocks, first_ration,
          uniq_crazy_yiuf_cottage, uniq_grinder

Skill      XL: |  1  2 |
---------------+-------+-----
Dodging        | 7 |  7.4
Unarmed Combat | 8 |  8.3
Fighting       | |  3.2
Stealth        | |  2.6

Action                   || total
-------------------------++-------
Melee: Unarmed           ||    64
Throw: Tomahawk          ||     6
  Use: Potion            ||     3
       Scroll            ||     3
 Stab: Sleeping          ||     2
  Eat: Chunk             ||     4
Armor: Robe              ||    11
Dodge: Dodged            ||    58

Table legend:
 A = Spawn XP
 B = Non-spawn XP
 C = Spawn XP percentage of total XP
 D = Spawn monster count
 E = Non-spawn monster count
 F = Spawn count percentage of total count
 G = Total turns spent on level
                    A         B        C        D         E        F      G
               +---------+---------+-------+---------+---------+-------+---------
         Total |       0 |      30 |   0.0 |       0 |      16 |   0.0 |   429
               +---------+---------+-------+---------+---------+-------+---------
           D:1 |       0 |      24 |   0.0 |       0 |      13 |   0.0 |   258
           D:2 |       0 |       1 |   0.0 |       0 |       1 |   0.0 |    46
           D:3 |       0 |       5 |   0.0 |       0 |       2 |   0.0 |   125
               +---------+---------+-------+---------+---------+-------+---------
